 Dungeon Crawl Stone Soup version 0.20.1-1-g8b1a95d (webtiles) character file.

264 dohliylev the Covert (level 5, 0/38 HPs)
             Began as a Vampire Assassin on Dec 6, 2017.
             Slain by an orc (1 damage)
             ... on level 3 of the Dungeon.
             The game lasted 00:07:54 (2704 turns).

dohliylev the Covert (Vampire Assassin)             Turns: 2704, Time: 00:07:55

Health: 0/38       AC:  4    Str: 10    XL:     5   Next: 98%
Magic:  5/5        EV: 12    Int: 19    God:
Gold:   157        SH:  0    Dex: 16    Spells: 4/4 levels left

rFire    . . .     SeeInvis +   a - -3 dagger (curse)
rCold    + + .     Gourm    .   (no shield)
rNeg     . . .     Faith    .   j - +0 robe (curse)
rPois    +         Spirit   .   (no helmet)
rElec    +         Reflect  .   d - +0 cloak
rCorr    +         Harm     .   s - +0 pair of gloves
MR       .....                  (no boots)
Stlth    +++++.....             t - amulet of rage
Regen    0.4/turn               r - ring of ice
MPRegen  0.1/turn               (no ring)

@: brilliant, lethally poisoned (0 -> -1), resistant, berserk cooldown, flying,
regenerating quickly, slowed, very slow
A: fangs 3, see invisible, unbreathing
a: Evoke Berserk Rage


You were on level 3 of the Dungeon.
You were full.

You visited 1 branch of the dungeon, and saw 4 of its levels.

You collected 157 gold pieces.

Inventory:

Hand Weapons
 a - a cursed -3 dagger (weapon)
 b - a +0 blowgun
 u - a +0 dagger of draining
Missiles
 e - 8 poisoned needles
 f - 2 curare-tipped needles
Armour
 d - a +0 cloak (worn)
 j - a cursed +0 robe (worn)
 s - a +0 pair of gloves (worn)
Jewellery
 r - a ring of ice (left hand)
 t - an amulet of rage (around neck)
Scrolls
 h - a scroll of identify
 i - a scroll of enchant armour
Potions
 g - 4 potions of blood
 k - 2 potions of resistance
 m - a potion of curing {unknown}
 n - a potion of degeneration {unknown}
 o - a potion of lignification {unknown}
 p - a potion of brilliance
 q - a potion of haste {unknown}


   Skills:
 - Level 1.7 Fighting
 + Level 2.5 Short Blades
 - Level 1.5 Throwing
 + Level 1.3 Dodging
 + Level 10.6 Stealth
 - Level 0.3 Evocations


You had 4 spell levels left.
You didn't know any spells.

Dungeon Overview and Level Annotations

Branches:
Dungeon (4/15)
 Temple: D:4-7

Altars:
Fedhas

Annotations:
D:3 Lanoc's ghost, weakling FeWr
D:4 Edmund; Sigmund


Innate Abilities, Weirdness & Mutations

Your natural rate of healing is unusually fast.
You have razor-sharp teeth.
You have supernaturally acute eyesight. (SInv)
You can survive without breathing.


Message History

You feel sick. The orc misses you.
You feel sick. The orc hits you.
* * * LOW HITPOINT WARNING * * *
You feel sick.
You feel sick. The orc hits you but does no damage.
Okay, then.
It was a potion of resistance.
You feel protected. The orc barely misses you.
It was a potion of brilliance.
You feel clever all of a sudden. The orc barely misses you. The orc hits you.
* * * LOW HITPOINT WARNING * * *
It was a potion of flight.
You feel very buoyant.
You fly up into the air.
* * * LOW HITPOINT WARNING * * *
You feel sick. The orc hits you.
You die...

##############
.......@oogo(#
############.#
### #.# ..
#.#####.#
#g##....#
#o##...# #
#.##...# .
#(##...##.#..
#>.........!.


You could see an orc wizard, 2 orcs and a goblin.

Vanquished Creatures
  2 hounds
  3 orc wizards
  5 adders
  An adder skeleton (D:4)
  A worm (D:4)
  3 dart slugs
  A leopard gecko (D:2)
  8 orcs
  3 giant cockroaches
  7 goblins
  3 hobgoblins
  5 jackals
  2 quokkas
  11 bats
  5 frilled lizards
  3 kobolds
  2 rats
65 creatures vanquished.

Notes
Turn   | Place    | Note
-------+----------+-------------------------------------------
     0 | D:1      | dohliylev the Vampire Assassin began the quest for the Orb.
     0 | D:1      | Reached XP level 1. HP: 16/16 MP: 1/1
   191 | D:1      | Reached skill level 6 in Stealth
   545 | D:2      | Reached XP level 2. HP: 22/22 MP: 2/2
   657 | D:2      | Reached skill level 7 in Stealth
   747 | D:2      | Found a blossoming altar of Fedhas.
   853 | D:2      | Reached XP level 3. HP: 15/27 MP: 3/3
  1366 | D:3      | Noticed Lanoc's ghost (weakling FeWr)
  1408 | D:3      | Reached skill level 8 in Stealth
  1646 | D:3      | Reached XP level 4. HP: 33/33 MP: 4/4
  1679 | D:3      | Reached skill level 9 in Stealth
  2069 | D:4      | Reached XP level 5. HP: 38/38 MP: 5/5
  2103 | D:4      | Noticed Sigmund
  2159 | D:4      | Reached skill level 10 in Stealth
  2549 | D:4      | Noticed Edmund
  2703 | D:3      | HP: 1/38 [orc (3)]
  2704 | D:3      | Slain by an orc

Skill      XL: |  1  2  3  4  5 |
---------------+----------------+-----
Stealth        | 6 7 8 9 10 | 10.6
Fighting       | |  1.7
Short Blades   | |  2.5
Throwing       | |  1.5
Dodging        | |  1.3
Evocations     | |  0.3

Action                   |  1- 3 |  4- 6 || total
-------------------------+-------+-------++-------
Melee: Dagger            |   126 |   166 ||   292
       Bite              |    11 |    28 ||    39
 Abil: Evoke Berserk Rag |       |     2 ||     2
  Use: Scroll            |       |     2 ||     2
       Potion            |       |     3 ||     3
 Stab: Sleeping          |    16 |     7 ||    23
  Eat: Corpse            |     8 |     8 ||    16
Armor: Robe              |    32 |    43 ||    75
Dodge: Dodged            |    66 |    94 ||   160
